 Dungeon Crawl Stone Soup version 0.31-a0-188-g5e087ee2ca (webtiles) character file.

Game seed: 8746967426734543065

3173 qw the Markself (level 9, -3/50 (52) HPs)
             Began as a Deep Elf Hunter on June 23, 2023.
             Slain by a troll (5 damage)
             ... on level 8 of the Dungeon.
             The game lasted 00:03:09 (6383 turns).

qw the Markself (Deep Elf Hunter)                   Turns: 6383, Time: 00:03:10

HP:   -3/50 (52)    AC: 10    Str: 12    XL:     9   Next: 63%
MP:   11/11         EV: 13    Int: 15    God:
Gold: 211           SH:  0    Dex: 18    Spells: 8/8 levels left

rFire   . . .        k - +7 arbalest (heavy)
rCold   . . .        (shield currently unavailable)
rNeg    . . .        p - +0 ring mail
rPois   +            (no helmet)
rElec   .            q - +0 cloak
rCorr   .            h - +2 pair of gloves
SInv    .            o - +0 pair of boots
Will    .....        (no amulet)
Stlth   +            a - ring of poison resistance
HPRegen 0.28/turn    (no ring)
MPRegen 0.12/turn

%: no passive effects
@: about to teleport, lightly drained
A: no striking features
a: no special abilities


You were on level 8 of the Dungeon.
You visited 2 branches of the dungeon, and saw 10 of its levels.

You collected 397 gold pieces.
You spent 186 gold pieces at shops.


   Skills:
 - Level 4.0 Fighting
 + Level 15.9 Ranged Weapons
 - Level 2.0 Armour
 - Level 5.2 Dodging
 - Level 1.2 Stealth


You had 8 spell levels left.
You didn't know any spells.
Your spell library was empty.

Inventory:

Hand Weapons
 k - a +7 heavy arbalest (weapon)
Armour
 h - a +2 pair of gloves (worn)
 o - a +0 pair of boots (worn)
 p - a +0 ring mail (worn)
 q - a +0 cloak (worn)
Jewellery
 a - a ring of poison resistance (left hand)
Scrolls
 b - a scroll of identify
 g - a scroll of brand weapon
Potions
 c - 4 potions of haste
 d - a potion of curing
 f - 4 potions of heal wounds
 i - a potion of mutation
 j - 2 potions of enlightenment
 l - a potion of resistance {unknown}
 n - 3 potions of might
 r - a potion of lignification {unknown}

Dungeon Overview and Level Annotations

Branches:
Dungeon (9/15)             Temple (1/1) D:6
   Lair: D:8-11         Orc: D:9-12

Altars:
Ashenzari
Cheibriados
Dithmenos
Elyvilon
Fedhas
Gozag
Hepliaklqana
Kikubaaqudgha
Makhleb
Nemelex Xobeh
Qazlal
Ru
Sif Muna
Trog
Uskayaw
Vehumet
Wu Jian
Xom
Yredelemnul
Zin
The Shining One

Shops:
D:7 ?=

Annotations:
D:4 exclusion: iron imp


Message History

You shoot a bolt. The bolt hits the hound!!
You kill the hound!
The wight hits you with a +1 battleaxe of flaming!
You feel drained. The wight burns you.
6197 ||| READING 2 scrolls of teleportation.
As you read the scroll of teleportation, it crumbles to dust.
You feel strangely unstable. The wight misses you.
6198 ||| DRINKING 5 potions of heal wounds.
You feel much better. The wight closely misses you.
You shoot a bolt. The bolt completely misses the wight.
The wight hits you but does no damage. The wight closely misses you.
You shoot a bolt. The bolt completely misses the wight.
Your surroundings suddenly seem different.
Enter note:
Enter note:
Enter note:
Enter note:
Enter note:
Enter note: You start resting.
HP restored.
Done exploring.
(D) Dungeon (T) Temple
Where to? (* - list waypoints, Enter - D:9, ? - help)
What level of the Dungeon? (default 1, ? - help)
There is an open door here.
There is a stone staircase leading down, spattered with blood here.
You climb downwards.
The troll bites you! The troll claws you! x2
There is a stone staircase leading up, spattered with blood here.
6381 ||| STAIRDANCE The troll barely misses you.
The troll claws you. The troll claws you!
You climb upwards.
There is a stone staircase leading down, spattered with blood here.
6383 ||| READING scroll of teleportation.
As you read the scroll of teleportation, it crumbles to dust.
You feel strangely unstable. The troll bites you! The troll claws you.
You die...

...##.......)...########.#
................# #.#
#^........#....###### #.#
#######.............# #.#
######....#....####.# ##.##
..........>....# ##.###...###
####'########.####.#.##.....#
#.#...# #.###.###.#...#.#
#.#.#(# #..T@## ##......#
#.#.#.# #####.###.####..#
#.#.#.# ##.#.## #..#
#...#.##########.## #..#
#####.#..........# #..#
#...#.############ ###..##
#.#.#.# #.....# #.#.#.#
#.#...# #.#.#.# #.....#


You could see a troll.

Vanquished Creatures
  Eustachio (D:5)
  Menkaure (D:4)
  A water moccasin (D:7)
  An ice beast (D:7)
  A black bear (D:7)
  An orc warrior (D:8)
  2 ogres (D:5)
  2 centaurs (D:7)
  3 wolves
  2 kobold brigands (D:8)
  A bullfrog (D:6)
  4 scorpions
  6 wights
  2 jellies
  3 howler monkeys (D:8)
  8 hounds
  2 iron imps (D:4)
  3 orc priests (D:8)
  2 iguanas
  A sleepcap (D:6)
  6 orc wizards
  A mummy (D:8)
  8 gnolls (D:5)
  16 adders
  A shadow imp (D:4)
  2 white imps
  2 ufetubi
  A worm (D:2)
  7 dart slugs
  22 orcs
  5 bats
  12 endoplasms
  7 giant cockroaches
  12 goblins
  3 hobgoblins
  8 jackals
  27 kobolds
  2 quokkas
  10 ball pythons
  6 frilled lizards
  2 kobold zombies (D:8)
  2 orc zombies (D:8)
  4 rats (D:1)
213 creatures vanquished.

Notes
Turn   | Place    | Note
-------+----------+-------------------------------------------
     0 | D:1      | qw the Deep Elf Hunter began the quest for the Orb.
     0 | D:1      | Reached XP level 1. HP: 12/12 MP: 3/3
     0 | D:1      | 0 ||| qw: Version: 0.3-a-9-g12657ce
     0 | D:1      | 0 ||| qw: Game counter: 4084
     0 | D:1      | 0 ||| qw: Always use a shield: true
     0 | D:1      | 0 ||| qw: God list: Okawaru
     0 | D:1      | 0 ||| qw: Allow faded altars: false
     0 | D:1      | 0 ||| qw: Do Orc after D:15 true
     0 | D:1      | 0 ||| qw: Do second Lair branch before Depths: true
     0 | D:1      | 0 ||| qw: Lair rune preference: random
     0 | D:1      | 0 ||| qw: Plans: Normal
     0 | D:1      | 0 ||| PLANNING D:1-11
   111 | D:1      | Reached XP level 2. HP: 16/16 MP: 4/4
   118 | D:1      | Reached skill level 6 in Ranged Weapons
   133 | D:1      | Found a faded altar of an unknown god.
   225 | D:1      | 225 ||| Stepping ~*~*~tactically~*~*~ (outnumbered).
   227 | D:1      | 227 ||| Stepping ~*~*~tactically~*~*~ (outnumbered).
   229 | D:1      | 229 ||| Stepping ~*~*~tactically~*~*~ (outnumbered).
   388 | D:1      | Reached XP level 3. HP: 20/20 MP: 5/5
   772 | D:1      | 772 ||| UPGRADING to +0 scale mail.
   782 | D:1      | 782 ||| DROPPING +0 leather armour.
   783 | D:1      | 783 ||| UPGRADING to +0 ring mail.
   793 | D:1      | 793 ||| DROPPING +0 scale mail.
   794 | D:1      | 794 ||| READING scroll labelled MURABU LYCAX CUNT.
   795 | D:1      | 795 ||| READING 2 scrolls labelled JIPSUMI QUBB.
   798 | D:1      | 798 ||| READING scroll labelled MUCO LUFFU.
   799 | D:1      | 799 ||| READING scroll labelled PYMNIXYASE.
   800 | D:1      | 800 ||| READING 3 scrolls labelled DUJEIS NAMINA.
   801 | D:1      | 801 ||| READING 2 scrolls of brand weapon.
   801 | D:1      | 801 ||| BRANDING +1 shortbow of freezing.
   802 | D:1      | 802 ||| READING scroll of brand weapon.
   802 | D:1      | 802 ||| BRANDING +1 shortbow of flaming.
   803 | D:1      | 803 ||| READING scroll labelled JOAPPI MICAY.
   804 | D:1      | 804 ||| READING scroll labelled PEGECSIDGHO.
   804 | D:1      | Identified a scroll of acquirement
   804 | D:1      | 804 ||| ACQUIRING +6 arbalest of freezing
   804 | D:1      | Acquired a +6 arbalest of freezing
   806 | D:1      | 806 ||| SWAPPING to +6 arbalest of freezing.
   807 | D:1      | 807 ||| DROPPING +1 heavy shortbow.
   808 | D:1      | 808 ||| READING scroll labelled ZALOMAMPAMERCH.
   809 | D:1      | 809 ||| READING scroll labelled KIOHUS KUTYRUZ.
   810 | D:1      | 810 ||| DRINKING 2 dark potions.
   811 | D:1      | 811 ||| DROPPING scroll of butterflies.
   845 | D:2      | Reached skill level 7 in Ranged Weapons
   957 | D:2      | Reached XP level 4. HP: 25/25 MP: 6/6
  1031 | D:2      | Identified the +2 rapier of Edochiw {flame, Drain rF+ Dex+4
                  | SInv}
  1076 | D:2      | Reached skill level 8 in Ranged Weapons
  1375 | D:2      | 1375 ||| READING 4 scrolls labelled ETSUUXK JAKUBB.
  1376 | D:2      | 1376 ||| READING scroll labelled BEQ JEEHOLY.
  1377 | D:2      | 1377 ||| READING 3 scrolls of identify.
  1377 | D:2      | 1377 ||| IDENTIFYING viscous clear potion
  1378 | D:2      | 1378 ||| READING 2 scrolls of identify.
  1378 | D:2      | 1378 ||| IDENTIFYING emerald potion
  1379 | D:2      | 1379 ||| DROPPING potion of ambrosia.
  1416 | D:3      | 1416 ||| Stepping ~*~*~tactically~*~*~ (water).
  1675 | D:3      | Reached XP level 5. HP: 29/29 MP: 7/7
  1829 | D:3      | Found a basalt altar of Yredelemnul.
  1829 | D:3      | Found an opulent altar of Gozag.
  2143 | D:3      | 2143 ||| READING scroll labelled FUGHES LILEK.
  2144 | D:3      | 2144 ||| READING 2 scrolls of identify.
  2144 | D:3      | 2144 ||| IDENTIFYING amethyst potion
  2145 | D:3      | 2145 ||| DROPPING potion of brilliance.
  2215 | D:4      | Reached skill level 9 in Ranged Weapons
  2250 | D:4      | Found a broken altar of Ashenzari.
  2251 | D:4      | 2251 ||| UPGRADING to ring of poison resistance.
  2359 | D:4      | Reached XP level 6. HP: 35/35 MP: 8/8
  2362 | D:4      | Identified the +10 spear of In Flagrante Delicto {venom,
                  | rElec rF- Will+}
  2788 | D:4      | Found a radiant altar of Vehumet.
  2797 | D:4      | Noticed Menkaure
  2798 | D:4      | 2798 ||| FLEEEEING.
  2799 | D:4      | 2799 ||| FLEEEEING.
  2800 | D:4      | 2800 ||| FLEEEEING.
  2801 | D:4      | 2801 ||| FLEEEEING.
  2802 | D:4      | 2802 ||| FLEEEEING.
  2803 | D:4      | 2803 ||| FLEEEEING.
  2804 | D:4      | 2804 ||| FLEEEEING.
  2805 | D:4      | 2805 ||| FLEEEEING.
  2806 | D:4      | 2806 ||| FLEEEEING.
  2807 | D:4      | 2807 ||| FLEEEEING.
  2808 | D:4      | 2808 ||| FLEEEEING.
  2809 | D:4      | 2809 ||| FLEEEEING.
  2810 | D:4      | 2810 ||| FLEEEEING.
  2811 | D:4      | 2811 ||| FLEEEEING.
  2812 | D:4      | 2812 ||| FLEEEEING.
  2813 | D:4      | 2813 ||| FLEEEEING.
  2815 | D:4      | 2815 ||| FLEEEEING.
  2816 | D:4      | 2816 ||| FLEEEEING.
  2817 | D:4      | 2817 ||| FLEEEEING.
  2819 | D:4      | Killed Menkaure
  2820 | D:4      | Reached skill level 10 in Ranged Weapons
  2823 | D:4      | 2823 ||| STAIRDANCE
  2858 | D:3      | 2858 ||| UPGRADING to +0 pair of gloves.
  2863 | D:3      | 2863 ||| DRINKING 2 pink potions.
  2972 | D:4      | Reached skill level 3 in Dodging
  3203 | D:4      | Found a burning altar of Makhleb.
  3220 | D:5      | Entered Level 5 of the Dungeon
  3227 | D:5      | Reached skill level 1 in Armour
  3227 | D:5      | Reached XP level 7. HP: 40/40 MP: 9/9
  3414 | D:5      | Reached skill level 11 in Ranged Weapons
  3418 | D:5      | Noticed Eustachio
  3429 | D:5      | Killed Eustachio
  3541 | D:5      | 3541 ||| READING scroll of brand weapon.
  3541 | D:5      | 3541 ||| BRANDING +6 arbalest of freezing.
  3633 | D:5      | Reached skill level 12 in Ranged Weapons
  3666 | D:5      | 3666 ||| Stepping ~*~*~tactically~*~*~ (outnumbered).
  3683 | D:5      | Reached XP level 8. HP: 45/45 MP: 10/10
  3732 | D:5      | Reached skill level 3 in Fighting
  3899 | D:5      | 3899 ||| UPGRADING to +0 pair of boots.
  3904 | D:5      | 3904 ||| READING scroll labelled UPIOSA ACUIFIXIEF.
  4029 | D:6      | Found a staircase to the Ecumenical Temple.
  4030 | D:6      | 4030 ||| PLANNING TEMPLE
  4035 | Temple   | Entered the Ecumenical Temple
  4208 | Temple   | 4208 ||| PLANNING D:1-11
  4234 | D:6      | 4234 ||| READING scroll of enchant weapon.
  4234 | D:6      | 4234 ||| ENCHANTING +6 heavy arbalest.
  4251 | D:6      | Found a glowing silver altar of Zin.
  4399 | D:6      | Reached skill level 13 in Ranged Weapons
  4534 | D:6      | 4534 ||| UPGRADING to +0 cloak.
  4539 | D:6      | 4539 ||| DRINKING 2 sedimented pink potions.
  4540 | D:6      | 4540 ||| DROPPING potion of attraction.
  4678 | D:7      | Reached skill level 14 in Ranged Weapons
  4691 | D:7      | 4691 ||| Stepping ~*~*~tactically~*~*~ (outnumbered).
  4695 | D:7      | 4695 ||| Stepping ~*~*~tactically~*~*~ (outnumbered).
  4799 | D:7      | Found Offiecy's Jewellery Boutique.
  4802 | D:7      | 4802 ||| SHOPLISTING +4 ring of protection (540 gold, have
                  | 341).
  4802 | D:7      | 4802 ||| SHOPLISTING +5 ring of evasion (540 gold, have
                  | 341).
  4802 | D:7      | 4802 ||| SHOPLISTING +6 ring of dexterity (540 gold, have
                  | 341).
  4802 | D:7      | 4802 ||| SHOPLISTING +6 ring of strength (540 gold, have
                  | 341).
  4802 | D:7      | 4802 ||| SHOPLISTING amulet of reflection (450 gold, have
                  | 341).
  4827 | D:7      | Reached XP level 9. HP: 49/50 MP: 11/11
  4984 | D:7      | Found Dyvei's Magic Scroll Shoppe.
  4987 | D:7      | 4987 ||| BUYING scroll of enchant armour (82 gold).
  4987 | D:7      | Bought a scroll of enchant armour for 82 gold pieces
  4987 | D:7      | 4987 ||| BUYING scroll of enchant armour (82 gold).
  4987 | D:7      | Bought a scroll of enchant armour for 82 gold pieces
  4987 | D:7      | 4987 ||| BUYING scroll of identify (22 gold).
  4987 | D:7      | Bought a scroll of identify for 22 gold pieces
  4987 | D:7      | 4987 ||| READING 2 scrolls of enchant armour.
  4987 | D:7      | 4987 ||| ENCHANTING +0 pair of gloves.
  4988 | D:7      | 4988 ||| READING scroll of enchant armour.
  4988 | D:7      | 4988 ||| ENCHANTING +1 pair of gloves.
  5215 | D:7      | 5215 ||| READING 3 scrolls labelled ZEEKIE YXKY.
  5216 | D:7      | 5216 ||| DRINKING 2 orange potions.
  5217 | D:7      | 5217 ||| READING 3 scrolls of identify.
  5217 | D:7      | 5217 ||| IDENTIFYING fizzy blue potion
  5218 | D:7      | 5218 ||| READING 2 scrolls of identify.
  5218 | D:7      | 5218 ||| IDENTIFYING bubbling yellow potion
  5219 | D:7      | 5219 ||| DROPPING potion of degeneration.
  5220 | D:7      | 5220 ||| DROPPING 2 scrolls of blinking.
  5228 | D:8      | 5228 ||| Stepping ~*~*~tactically~*~*~ (outnumbered).
  5474 | D:8      | Reached skill level 15 in Ranged Weapons
  5537 | D:8      | 5537 ||| Stepping ~*~*~tactically~*~*~ (outnumbered).
  5539 | D:8      | 5539 ||| Stepping ~*~*~tactically~*~*~ (outnumbered).
  5542 | D:8      | 5542 ||| Stepping ~*~*~tactically~*~*~ (outnumbered).
  5597 | D:8      | 5597 ||| FLEEEEING.
  6088 | D:8      | 6088 ||| READING scroll labelled EWYOTT GEWEMUI.
  6182 | D:9      | Noticed a troll
  6186 | D:9      | 6186 ||| STAIRDANCE
  6196 | D:8      | HP: 7/52 [wight/+1 battleaxe of flaming (12)]
  6196 | D:8      | HP: 2/50 [wight/+1 battleaxe of flaming (5)]
  6197 | D:8      | 6197 ||| READING 2 scrolls of teleportation.
  6198 | D:8      | 6198 ||| DRINKING 5 potions of heal wounds.
  6381 | D:9      | 6381 ||| STAIRDANCE
  6381 | D:9      | HP: 8/50 [troll (10)]
  6383 | D:8      | 6383 ||| READING scroll of teleportation.
  6383 | D:8      | HP: 2/50 [troll (7)]
  6383 | D:8      | Slain by a troll

Levels and vault maps discovered:
D:1:      minmay_arrival_glassed_features, layout_basic, basic_ecumenical_altar,
          minmay_heptomino_l4
D:2:      layout_rooms, minmay_misc_feat_ornament, kennysheep_generic_room_4
D:3:      layout_basic, mainiacjoe_overflow_large_starburst, minmay_hedge_maze,
          chequers_serial_rivers_small_3, dreamdust_princess_corridor,
          minmay_crystal_water
D:4:      layout_basic, lemuel_doored_altar, demons_altar,
          ashenzari_conservatory_becter, nicolae_half_adder, uniq_menkaure
D:5:      layout_basic, minmay_holes, uniq_eustachio
D:6:      layout_gridville, mainiacjoe_overflow_tiny_flanked,
          minmay_temple_entry_butterflies
D:7:      layout_basic, serial_shops, nicolae_shop_rolled_up,
          minmay_shop_enchanted_jewellery
D:8:      layout_loops_ring, roderic_serpentine_path, minmay_mini_ossuary
D:9:      layout_basic, erik_lair_island, uniq_maggie
Temple:   bh_familiar_temple

Skill      XL: |  1  2  3  4  5  6  7  8  9 |
---------------+----------------------------+-----
Ranged Weapons | 6 7 8 9 10 12 14 15 | 15.9
Fighting       | 2 3 4 |  4.0
Dodging        | 3 5 |  5.2
Armour         | 1 2 |  2.0
Stealth        | |  1.2

Action                     |  1- 3 |  4- 6 |  7- 9 || total
---------------------------+-------+-------+-------++-------
   Fire: Shortbow          |    83 |       |       ||    83
         Arbalest          |    31 |   119 |   192 ||   342
    Use: Scroll            |    11 |     6 |    11 ||    28
         Potion            |     1 |     1 |     3 ||     5
 Armour: Leather armour    |     5 |       |       ||     5
         Ring mail         |     2 |    26 |    58 ||    86
  Dodge: Dodged            |    24 |    27 |   112 ||   163

Table legend:
 A = Non-vault XP
 B = Vault XP
 C = Vault XP percentage of total XP
 D = Non-vault monster count
 E = Vault monster count
 F = Vault count percentage of total count
                 A         B        C        D         E       F
            +---------+---------+-------+---------+---------+-------
      Total |    3481 |    1053 |  23.2 |     187 |      26 |  12.2
            +---------+---------+-------+---------+---------+-------
        D:1 |      51 |       6 |  10.5 |      30 |       3 |   9.1
        D:2 |     101 |       6 |   5.6 |      23 |       2 |   8.0
        D:3 |      78 |       0 |   0.0 |      30 |       0 |   0.0
        D:4 |     173 |     313 |  64.4 |      16 |       8 |  33.3
        D:5 |     608 |     196 |  24.4 |      22 |       1 |   4.3
        D:6 |     452 |       0 |   0.0 |      11 |       0 |   0.0
        D:7 |    1147 |       0 |   0.0 |      19 |       0 |   0.0
        D:8 |     801 |     268 |  25.1 |      35 |       9 |  20.5
        D:9 |      70 |     264 |  79.0 |       1 |       3 |  75.0
            +---------+---------+-------+---------+---------+-------
